 Dungeon Crawl Stone Soup version 0.21-a0-111-g52d2817 (webtiles) character file.

24 Gorglomux the Skirmisher (level 3, -1/33 HPs)
             Began as a Hill Orc Abyssal Knight on July 11, 2017.
             Was a Follower of Lugonu.
             Slain by a gnoll (5 damage)
             ... on level 1 of the Dungeon.
             The game lasted 00:01:06 (437 turns).

Gorglomux the Skirmisher (Hill Orc Abyssal Knight)   Turns: 437, Time: 00:01:07

Health: -1/33      AC:  3    Str: 15    XL:     3   Next: 2%
Magic:  4/4        EV: 11    Int: 12    God:    Lugonu [*.....]
Gold:   81         SH:  0    Dex: 10    Spells: 2/2 levels left

rFire    . . .     SeeInvis .   a - +1 hand axe
rCold    . . .     Gourm    .   (no shield)
rNeg     . . .     Faith    .   b - +0 leather armour
rPois    .         Spirit   .   (no helmet)
rElec    .         Reflect  .   (no cloak)
rCorr    .         Harm     .   (no gloves)
MR       ++...                  (no boots)
Stlth    +.........             (no amulet)
HPRegen  0.11/turn              m - ring of protection from magic
MPRegen  0.09/turn              g - ring of protection from magic

@: no status effects
A: no striking features
a: Depart the Abyss, Renounce Religion


You were on level 1 of the Dungeon.
You worshipped Lugonu.
Lugonu was aware of your devotion.
You were not hungry.

You visited 1 branch of the dungeon, and saw 1 of its levels.
You visited the Abyss 1 time.

You collected 81 gold pieces.

Inventory:

Hand Weapons
 a - a +1 hand axe (weapon)
Armour
 b - a +0 leather armour (worn)
Jewellery
 g - a ring of protection from magic (right hand)
 m - a ring of protection from magic (left hand)
Scrolls
 h - a scroll of teleportation {unknown}
 q - a scroll of fog {unknown}
Potions
 n - a potion of ambrosia {unknown}
 o - a potion of flight {unknown}
 p - a potion of mutation {unknown}
Comestibles
 c - 2 bread rations
 f - 5 chunks of flesh
 i - a royal jelly


   Skills:
 + Level 4.3 Fighting
 + Level 3.7 Axes
 - Level 2.1 Armour
 - Level 0.7 Dodging
 - Level 2.4 Invocations


You had 2 spell levels left.
You didn't know any spells.

Dungeon Overview and Level Annotations

Branches:
Dungeon (1/15)

Altars:


Message History

The gnoll is almost dead.
You closely miss the frilled lizard. You hit the ooze. The gnoll hits you.
* * * LOW HITPOINT WARNING * * *
The frilled lizard bites you but does no damage.
The ooze barely misses you.
You closely miss the gnoll.
The gnoll is almost dead.
You hit the ooze.
You kill the ooze!
Lugonu accepts your kill.
You have reached level 3!
Your experience leads to an increase in your attributes!
Increase (S)trength, (I)ntelligence, or (D)exterity?
You feel stronger.
You hit the frilled lizard but do no damage.
The gnoll barely misses you. The frilled lizard barely misses you.
You barely miss the gnoll.
The gnoll is almost dead.
You miss the frilled lizard. The gnoll hits you.
You die...

.# #...........
.### #[..........
....# #.........#
....# #.........#
....# ##.......##
....# ##.......#
....#
######.####...
....#
#.........#.####
....#
#.......@g......
.###
#......[.l......
...........#.....
##.........# ....
#.........# ...
#$........# ##
###########


You could see a gnoll and a frilled lizard.

Vanquished Creatures
  An ooze (D:1)
  2 dart slugs (D:1)
  A leopard gecko (D:1)
  2 bats (D:1)
  2 giant cockroaches (D:1)
  A goblin (D:1)
  3 hobgoblins (D:1)
  A kobold (D:1)
  A rat (D:1)
14 creatures vanquished.

Notes
Turn   | Place    | Note
-------+----------+-------------------------------------------
     0 | Abyss:1  | Gorglomux the Hill Orc Abyssal Knight began the quest for the Orb.
     0 | Abyss:1  | Reached XP level 1. HP: 19/19 MP: 2/2
    20 | Abyss:2  | Found a corrupted altar of Lugonu.
    41 | Abyss:2  | Noticed a large abomination
    58 | Abyss:2  | Found a corrupted altar of Lugonu.
    71 | Abyss:3  | Noticed a profane servitor
    77 | Abyss:3  | Noticed a starcursed mass
    79 | D:1      | Escaped the Abyss
   177 | D:1      | Reached skill level 3 in Axes
   181 | D:1      | Reached XP level 2. HP: 18/27 MP: 3/3
   184 | D:1      | Reached skill level 4 in Fighting
   376 | D:1      | Reached * piety under Lugonu
   436 | D:1      | Reached XP level 3. HP: 4/33 MP: 4/4
   437 | D:1      | Slain by a gnoll

Vault maps used:
D:1:      minmay_arrival_five_plusses
Abyss:2:  minivault_11

Skill      XL: |  1  2 |
---------------+-------+-----
Axes           | 3 |  3.7
Fighting       | 4 |  4.3
Armour         | |  2.1
Dodging        | |  0.7
Invocations    | |  2.4

Action                   || total
-------------------------++-------
Melee: Hand axe          ||    44
Invok: Depart the Abyss  ||     1
Armor: Leather armour    ||     9
Dodge: Dodged            ||    28
